 Dungeon Crawl Stone Soup version 0.28.0-45-g0d030f2227 (webtiles) character file.

Game seed: 12408257192768772901

201 Bruhh the Ogre Mage (level 5, -4/45 HPs)
             Began as an Ogre Fire Elementalist on Apr 23, 2022.
             Killed from afar by an orc wizard (8 damage)
             ... with a magic dart
             ... on level 4 of the Dungeon.
             The game lasted 00:10:03 (4722 turns).

Bruhh the Ogre Mage (Ogre Fire Elementalist)        Turns: 4722, Time: 00:10:04

Health: -4/45      AC:  3    Str: 12    XL:     5   Next: 79%
Magic:  6/12       EV:  9    Int: 18    God:
Gold:   197        SH:  0    Dex:  9    Spells: 11/14 levels left

rFire   . . .      SeeInvis .   o - +1 hand axe (elec)
rCold   . . .      Faith    .   (no shield)
rNeg    . . .      Spirit   .   a - +0 robe
rPois   .          Reflect  .   (helmet restricted)
rElec   .          Harm     .   (no cloak)
rCorr   .          Rampage  .   (gloves unavailable)
Will    .....                   (boots unavailable)
Stlth   +.........              (no amulet)
HPRegen 0.15/turn               (no ring)
MPRegen 0.13/turn               (no ring)

@: no status effects
A: large, unfitting armour, tough skin 1
a: no special abilities


You were on level 4 of the Dungeon.
You visited 1 branch of the dungeon, and saw 5 of its levels.

You collected 197 gold pieces.

Inventory:

Hand Weapons
 e - a +1 antimagic rapier
 g - a +0 hunting sling
 o - a +1 hand axe of electrocution (weapon)
Armour
 a - a +0 robe (worn)
Jewellery
 b - an amulet of the acrobat
Scrolls
 d - a scroll of teleportation {unknown}
 f - a scroll of enchant weapon {unknown}
 k - a scroll of fog {unknown}
 l - a scroll of blinking {unknown}
 m - a scroll of immolation {unknown}
 n - a scroll of identify {unknown}
Potions
 c - 3 potions of curing {unknown}
 h - a potion of degeneration {unknown}
 i - a potion of berserk rage {unknown}
 j - 2 potions of mutation {unknown}


   Skills:
 - Level 1.7 Dodging
 - Level 1.4 Stealth
 - Level 5.0 Spellcasting
 - Level 0.8 Conjurations
 + Level 4.3 Fire Magic


You had 11 spell levels left.
You knew the following spells:

 Your Spells              Type           Power      Damage    Failure   Level
a - Foxfire               Conj/Fire      52%        2x1d6     4%          1
b - Scorch                Fire           40%        2d7       3%          2

Your spell library contained the following spells:

 Spells                   Type           Power      Damage    Failure   Level
 Beastly Appendage        Tmut           8%         N/A       13%         1
 Conjure Flame            Conj/Fire      13%        6-21      14%         3
 Inner Flame              Hex/Fire       12%        N/A       16%         3
 Wereblood                Tmut           4%         N/A       21%         2
 Spider Form              Tmut/Pois      4%         N/A       36%         3
 Flame Wave               Conj/Fire      13%        2d6       41%         4


Dungeon Overview and Level Annotations

Branches:
Dungeon (5/15)
 Temple: D:4-7

Altars:

Shops:
D:1 ?   D:2 =(((

Annotations:
D:3 Sigmund
D:4 Eustachio


Innate Abilities, Weirdness & Mutations

You are too large for most types of armour.
You have tough skin. (AC +1)


Message History

Unknown command.
Casting: Scorch (safe; 3% risk of failure)
Confirm with . or Enter, or press ? or * to list all spells.
Flames lash the orc warrior.
The orc warrior is lightly wounded.
The orc warrior's fire resistance burns away.
Unknown command.
The orc warrior is no longer more vulnerable to fire.
The orc hits you with a +0 morningstar!
Casting: Scorch (safe; 3% risk of failure)
Confirm with . or Enter, or press ? or * to list all spells.
Flames lash the orc warrior but do no damage.
The orc barely misses you.
Unknown command.
There is a stone staircase leading up here.
The orc hits you with a +0 morningstar.
You climb upwards.
Level annotation: Eustachio The hobgoblin hits you.
Eustachio hits you with a +1 falchion of protection!
There is a stone staircase leading down here.
The hobgoblin hits you.
Eustachio hits you with a +1 falchion of protection.
The orc wizard gestures wildly while chanting.
The orc wizard flickers and vanishes!
Deactivating autopickup; reactivate with Ctrl-A.
Eustachio gestures wildly while chanting.
Eustachio blinks!
The hobgoblin hits you.
Eustachio casts a spell.
Eustachio blinks!
Eustachio casts a spell.
Eustachio blinks!
Found 23 bolts.
Something hits you.
Eustachio hits you with a +1 falchion of protection!
* * * LOW HITPOINT WARNING * * *
Eustachio casts a spell.
Eustachio blinks!
A magic dart appears from out of thin air!
The magic dart hits you!
You die...

#....... #.......
#...... # #.....#
.#
######)....##..#
+..............#
#..............#
#.>##.o.@.#
###..##.{...##..
+......Jg§.....(#
#....@..........#
#
#....#########..#
#######....# ..#
(..........# .#
...........# #
##...#.....#


You could see Eustachio, an orc, an endoplasm and a hobgoblin.

Vanquished Creatures
  A necrophage (D:4)
  An orc priest (D:5)
  2 adders (D:2)
  A worm (D:2)
  A dart slug (D:2)
  3 orcs
  6 bats
  7 endoplasms
  2 giant cockroaches
  2 goblins
  5 hobgoblins
  4 jackals
  5 quokkas
  4 ball pythons
  A frilled lizard (D:2)
  7 kobolds
  2 rats
54 creatures vanquished.

Vanquished Creatures (collateral kills)
  A foxfire (D:1)
1 creature vanquished.

Vanquished Creatures (others)
  28 foxfires
28 creatures vanquished.

Grand Total: 83 creatures vanquished

Notes
Turn   | Place    | Note
-------+----------+-------------------------------------------
     0 | D:1      | Bruhh the Ogre Fire Elementalist began the quest for the
                  | Orb.
     0 | D:1      | Reached XP level 1. HP: 16/16 MP: 3/3
    55 | D:1      | Found Ixugagg's Magic Scroll Emporium.
   349 | D:1      | Reached skill level 3 in Spellcasting
   611 | D:1      | Found a faded altar of an unknown god.
   617 | D:1      | Reached XP level 2. HP: 19/24 MP: 3/6
   761 | D:1      | Learned a level 2 spell: Scorch
  1162 | D:2      | Reached XP level 3. HP: 31/31 MP: 5/8
  1211 | D:2      | Reached skill level 4 in Spellcasting
  1288 | D:2      | Found Cyhocrut's Antique Weapon Emporium.
  1295 | D:2      | Found Heojizupirch's Weapon Emporium.
  1471 | D:2      | Found Uhauqash's Weapon Shoppe.
  1687 | D:2      | Found Limnauj's Jewellery Boutique.
  2497 | D:2      | Reached XP level 4. HP: 24/39 MP: 1/10
  2859 | D:3      | Reached skill level 5 in Spellcasting
  2862 | D:3      | Noticed Sigmund
  4096 | D:4      | Noticed a necrophage
  4101 | D:4      | Killed a necrophage
  4102 | D:4      | Reached XP level 5. HP: 35/45 MP: 1/12
  4103 | D:5      | Entered Level 5 of the Dungeon
  4478 | D:4      | Noticed Eustachio
  4699 | D:5      | Noticed an orc warrior
  4722 | D:4      | Killed from afar by an orc wizard

Illustrated notes

Levels and vault maps discovered:
D:1:      nzn_arrival_water_spiral, layout_loops_cross,
          dilly_ecumenical_altar_fadedgnrine, serial_shops, nicolae_shop_stone
D:2:      layout_basic, serial_shops, nicolae_shop_bloodbath_and_beyond,
          nicolae_shop_competitors_out_of_business, nicolae_diamond_shop, shop
D:3:      layout_basic, nrook_campfire, minmay_bisected, uniq_sigmund
D:4:      minmay_door_path, layout_gridville, minmay_cupped, uniq_natasha,
          uniq_eustachio
D:5:      layout_gridville, abandoned_shop

Skill      XL: |  1  2  3  4 |
---------------+-------------+-----
Spellcasting   | 3 4 5 |  5.0
Fire Magic     | 4 |  4.3
Dodging        | |  1.7
Stealth        | |  1.4
Conjurations   | |  0.8

Action                   |  1- 3 |  4- 6 || total
-------------------------+-------+-------++-------
Melee: Unarmed           |    24 |     8 ||    32
       Rapier            |     1 |       ||     1
       Hunting sling     |     1 |       ||     1
 Cast: Foxfire           |    22 |       ||    22
       Scorch            |    27 |    30 ||    57
Armor: Robe              |    22 |     6 ||    28
Dodge: Dodged            |    29 |    14 ||    43
